Map: Void Training Stage 1

Players

Player 2 - Winner!

  • Race: Protoss Protoss
  • Spawn Location: 5:00

FireTiger

  • Race: Protoss Protoss
  • Spawn Location: 11:00

VOD

Have the link to the VOD?

Description

I think this was the easiest level of AI....

Time

  • Played on: May 24, 2022, 10:29 p.m.
  • Length: 26:30
Show
View Real Time Build Order
Export as new Build Order

Player 2 Protoss - Winner!

Build Orders:  

Get SALT Encoding   

  12  0:00  Probe  
  13  0:13  Probe  
  14  0:20  Pylon  
  14  0:36  Assimilator  
  14  0:42  Gateway  
  14  0:46  Pylon  
  14  1:13  Assimilator  
  14  1:22  Zealot  
  14  1:23  Probe  
  14  1:31  Probe  
  17  1:33  Cybernetics Core  
  18  1:42  Probe  
  19  1:54  Probe  
  20  2:02  Probe  
  21  2:09  Warp Gate  
  21  2:10  Probe  
  22  2:43  Stalker  
  24  7:22  Probe  
  24  7:28  Pylon  
  25  7:30  Probe  
  26  7:38  Probe  
  26  7:43  Nexus  
  27  8:51  Probe  
  28  9:02  Probe  
  29  9:05  Probe  
  29  9:07  Assimilator  
  30  9:16  Probe  
  31  9:20  Probe  
  31  9:23  Assimilator  
  32  9:28  Probe  
  33  9:38  Probe  
  34  9:41  Probe  
  35  9:50  Probe  
  36  9:59  Probe  
  37  10:02  Probe  
  38  10:14  Probe  
  40  10:21  Probe  
  41  10:28  Probe  
  41  10:32  Probe  
  42  10:43  Probe  
  42  10:46  Probe  
  43  10:51  Pylon  
  44  13:05  Stalker  
  46  13:15  Gateway  
  44  13:32  Stalker  
  44  13:47  Pylon  
  44  13:59  Zealot  
  46  14:27  Stalker  
  48  14:31  Gateway  
  48  15:15  Nexus  
  48  16:43  Assimilator  
  48  16:59  Assimilator  
  48  17:13  Sentry  
  48  18:02  Zealot  
  44  18:19  Stalker  
  46  21:47  Zealot  
  48  22:01  Zealot  
  50  22:15  Zealot  
  52  22:28  Stalker  
  54  22:42  Stalker  
  56  22:47  Nexus  
  56  24:09  Stalker  
  58  24:14  Assimilator  
  58  24:38  Stalker  
  58  24:41  Probe  
  58  24:44  Assimilator  
  56  24:47  Probe  
  56  24:51  Zealot  
  54  24:55  Probe  
  55  25:00  Probe  
  55  25:05  Zealot  
  56  25:07  Probe  
  57  25:16  Probe  
  58  25:34  Stalker  
  60  25:41  Probe  
Show
View Real Time Build Order
Export as new Build Order

FireTiger Protoss 

Build Orders:  

Get SALT Encoding   

  12  0:03  Probe  
  13  0:26  Probe  
  14  0:51  Pylon  
  14  1:12  Gateway  
  14  1:46  Probe  
  15  2:06  Probe  
  16  2:30  Assimilator  
  16  2:32  Probe  
  17  2:44  Probe  
  18  3:03  Probe  
  19  3:19  Probe  
  20  3:37  Probe  
  21  3:43  Nexus  
  21  3:47  Assimilator  
  21  4:21  Pylon  
  21  4:32  Probe  
  22  4:47  Probe  
  23  5:01  Cybernetics Core  
  23  5:02  Probe  
  24  5:15  Probe  
  24  5:16  Probe  
  26  6:19  Warp Gate  
  26  6:47  Probe x2  
  28  7:22  Probe x2  
  30  7:34  Probe x2  
  32  8:02  Assimilator  
  31  8:22  Stalker  
  32  9:08  Nexus  
  32  9:30  Twilight Council  
  29  10:21  Pylon  
  29  10:25  Pylon  
  29  10:31  Stalker  
  29  11:04  Zealot  
  29  11:27  Stalker  
  29  11:51  Stalker  
  31  12:07  Pylon  
  29  12:13  Pylon  
  29  12:15  Pylon  
  29  12:29  Zealot  
  29  12:48  Gateway x2  
  29  12:52  Zealot  
  29  13:13  Zealot  
  31  13:44  Cybernetics Core  
  31  13:52  Cybernetics Core  
  31  14:06  Probe x2  
  33  14:16  Assimilator  
  33  14:26  Assimilator  
  33  14:46  Nexus  
  33  15:02  Stalker  
  33  15:03  Stalker  
  33  15:06  Stalker  
  39  15:46  Stalker  
  39  15:47  Stalker x2  
  45  16:08  Probe  
  46  16:27  Pylon  
  46  16:56  Stalker  
  46  16:57  Stalker  
  46  16:58  Stalker  
  52  17:10  Pylon  
  48  18:25  Stalker  
  50  18:27  Stalker  
  52  18:42  Gateway  
  52  18:47  Assimilator  
  52  19:08  Assimilator  
  52  19:17  Assimilator  
  52  19:28  Stalker  
  54  19:31  Stalker  
  54  19:35  Stalker  
  58  20:15  Twilight Council  
  58  20:37  Probe  
  59  20:54  Stalker  
  61  21:04  Blink  
  61  21:12  Probe  
  61  21:14  Probe  
  63  21:57  Nexus  
  63  22:09  Stalker  
  65  22:23  Probe  
  66  22:35  Stalker  
  68  22:37  Stalker  
  70  23:14  Probe  
  71  24:03  Stalker  
  71  24:05  Stalker  
  71  24:08  Stalker  
  69  24:24  Probe  
  69  24:26  Probe  
  69  24:28  Probe  
  60  24:40  Stalker  
  60  24:41  Stalker  
  60  24:44  Stalker  
  48  25:31  Probe  
  48  25:33  Probe  
  46  25:52  Probe  
  45  26:23  Assimilator  
  42  26:26  Assimilator  
Tags
 
Add a new tag
Caveats
  • Supply blocks, unpowered buildings, or Contaminate may cause inaccurate times.
  • Supply counts are checked every 10 seconds.